 Dungeon Crawl Stone Soup version 0.15.1-4-gac8487e (webtiles) character file.

43 Johnny the Chiller (level 3, -3/28 HPs)
             Began as a Demigod Ice Elementalist on Oct 14, 2014.
             Shot with an arrow by a centaur (6 damage)
             ... on Level 3 of the Dungeon.
             The game lasted 00:01:37 (1656 turns).

Johnny the Chiller (Demigod Ice Elementalist)       Turns: 1656, Time: 00:01:37

HP  -3/28        AC  6     Str 12      XL: 3   Next: 20%
MP   8/8         EV  9     Int 20      God:
Gold 83          SH  0     Dex 16      Spells:  1 memorised,  5 levels left

rFire  . . .     SeeInvis .     h - +2 spear (freeze)
rCold  . . .     Clarity  .     n - +0 ring mail
rNeg   . . .     rCorr    .     (no shield)
rPois  .         rRot     .     (no helmet)
rElec  .         Spirit   .     (no cloak)
SustAb .         Warding  .     g - +0 pair of gloves
rMut   .         Stasis   .     (no boots)
Gourm  .                        (no amulet)
MR     .....                    (no ring)
                                (no ring)

@: not resistant to hostile enchantments, very unstealthy
A: no striking features
a: no special abilities


You were on level 3 of the Dungeon.
You were not hungry.

You visited 1 branch of the dungeon, and saw 3 of its levels.

You collected 83 gold pieces.

Inventory:

Hand weapons
 h - a +2 spear of freezing (weapon)
 m - a +2 dagger of venom
Armour
 g - a +0 pair of gloves (worn)
 n - a +0 ring mail (worn)
Comestibles
 c - 6 bread rations
 o - a meat ration
Scrolls
 f - a scroll of recharging {unknown}
 i - 2 scrolls of remove curse {unknown}
 j - 2 scrolls of identify {unknown}
 l - a scroll of blinking {unknown}
Jewellery
 a - an uncursed ring of wizardry {unknown}
 d - an uncursed amulet of guardian spirit {unknown}
 k - a +2 ring of protection {unknown}
Potions
 e - 2 potions of haste {unknown}
 p - a potion of flight {unknown}
 q - a potion of heal wounds {unknown}
Books
 b - a book of Frost

   Spells                             Type                      Level
   *Freeze                            Ice                          1
   Throw Frost                        Conjuration/Ice              2
   Ozocubu's Armour                   Charms/Ice                   3
   Throw Icicle                       Conjuration/Ice              4
   Summon Ice Beast                   Ice/Summoning                4
   Condensation Shield                Ice                          4


   Skills:
 * Level 1.3 Fighting
 + Level 0.3 Armour
 + Level 2.0 Dodging
 + Level 1.9 Stealth
 * Level 2.2 Spellcasting
   Level 0.8 Conjurations
 * Level 3.0 Ice Magic


You had 5 spell levels left.
You knew the following spells:

 Your Spells              Type           Power        Failure   Level  Hunger
a - Freeze                Ice            ##..         10%         1    #......


Dungeon Overview and Level Annotations

Branches:
Dungeon (3/15)


Message History

Attack whom?
Press: ? - help, Dir - move target cursor, f - centaur
Aim: a centaur, wielding a shortbow The bush is in the way.
You hit the bush but do no damage.
The centaur shoots an arrow.
The arrow hits you.
The centaur shoots an arrow.
The arrow hits you.
Attack whom?
Press: ? - help, Dir - move target cursor, f/p - centaur
Aim: a centaur, wielding a shortbow The bush is in the way.
You hit the bush but do no damage.
The centaur shoots an arrow.
The arrow hits you.
Unknown command.
The centaur shoots an arrow.
The arrow hits you!
* * * LOW HITPOINT WARNING * * *
You see here an arrow.
The centaur unwields an uncursed shortbow.
The centaur hits the bush. x2
The centaur wields an uncursed shortbow.
The centaur shoots an arrow.
The arrow hits you.
You die...

... #........
#.........
###..........
.............
##............
#..............
#...............
#..).@..........
#...............
#......(...(..#
#######.(PPPP.#
........PPP.P
######.PPcP
#..PP.. #...


PP. ....# # You could see a centaur.

Vanquished Creatures
  An adder (D:2)
  A worm (D:1)
  5 bats
  A giant cockroach (D:2)
  5 goblins
  4 hobgoblins
  4 kobolds
  A giant newt (D:2)
  4 rats
26 creatures vanquished.

Notes
Turn   | Place    | Note
--------------------------------------------------------------
     0 | D:1      | Johnny, the Demigod Ice Elementalist, began the quest for the Orb.
     0 | D:1      | Reached XP level 1. HP: 14/14 MP: 3/3
   401 | D:1      | Reached XP level 2. HP: 17/22 MP: 5/5
   835 | D:1      | Reached skill level 1 in Fighting
  1095 | D:2      | Reached XP level 3. HP: 19/28 MP: 8/8
  1207 | D:2      | Reached skill level 3 in Ice Magic
  1646 | D:3      | Found a blossoming altar of Fedhas.
  1646 | D:3      | Noticed a centaur
  1656 | D:3      | Shot with an arrow by a centaur

Action                   || total
-------------------------++-------
Melee: Spear             ||    62
       Unarmed           ||     8
 Cast: Freeze            ||     5
 Stab: Distracted        ||     1
       Sleeping          ||     1
  Eat: Chunk             ||     2
